 Dungeon Crawl Stone Soup version 0.28.0 (webtiles) character file.

Game seed: 2718211303314848438

6720 Peloso the Carver (level 10, -10/90 HPs)
             Began as a Minotaur Fighter on Feb 12, 2022.
             Was an Elder of Okawaru.
             Mangled by a death yak (19 damage)
             ... on level 10 of the Dungeon.
             The game lasted 00:16:01 (10183 turns).

Peloso the Carver (Minotaur Fighter)               Turns: 10183, Time: 00:16:02

Health: -10/90     AC: 16    Str: 23    XL:     10   Next: 74%
Magic:  8/9        EV:  9    Int:  5    God:    Okawaru [****..]
Gold:   342        SH:  5    Dex: 12    Spells: 9/9 levels left

rFire   + . .      SeeInvis .   a - +5 long sword
rCold   . . .      Faith    .   c - +0 buckler
rNeg    . . .      Spirit   .   K - +2 chain mail {rF+}
rPois   .          Reflect  .   (helmet restricted)
rElec   .          Harm     .   g - +0 cloak
rCorr   +          Rampage  .   e - +0 pair of gloves
Will    +....                   (no boots)
Stlth   ..........              (no amulet)
HPRegen 0.25/turn               o - ring of resist corrosion
MPRegen 0.11/turn               j - ring of willpower

@: no status effects
A: horns 2, retaliatory headbutt
a: Renounce Religion, Heroism, Finesse


You were on level 10 of the Dungeon.
You worshipped Okawaru.
Okawaru was greatly pleased with you.
You visited 2 branches of the dungeon, and saw 11 of its levels.

You collected 342 gold pieces.

Inventory:

Hand Weapons
 a - a +5 long sword (weapon)
 b - a +2 whip of flaming
 B - the +6 trident of Cuw Bif {speed, *Rage rF++ Int+3}
   (You found it on level 7 of the Dungeon)

   Attacks with this weapon are significantly faster.
   Int:       It affects your intelligence (+3).
   rF:        It greatly protects you from fire.
   *Rage:     It berserks you when you make melee attacks (+20% chance).
Armour
 c - a +0 buckler (worn)
 e - a +0 pair of gloves (worn)
 g - a +0 cloak (worn)
 K - a +2 chain mail of fire resistance (worn)
Jewellery
 f - a ring of willpower
 i - a ring of protection from fire
 j - a ring of willpower (right hand)
 o - a ring of resist corrosion (left hand)
 E - an amulet of guardian spirit
 J - a ring of protection from cold
Wands
 u - a wand of polymorph (9)
 C - a wand of paralysis (10)
 D - a wand of iceblast (11)
Scrolls
 h - a scroll of enchant weapon
 n - a scroll of magic mapping
 p - a scroll of enchant armour {unknown}
 q - 4 scrolls of teleportation {unknown}
 s - 3 scrolls of identify
 t - a scroll of silence {unknown}
 v - a scroll of vulnerability {unknown}
 w - a scroll of torment {unknown}
 y - a scroll of immolation {unknown}
 I - a scroll of summoning {unknown}
Potions
 d - a potion of flight {unknown}
 k - 2 potions of mutation
 l - 3 potions of degeneration {unknown}
 m - 5 potions of curing {unknown}
 r - 2 potions of haste {unknown}
 x - 2 potions of heal wounds
 z - 2 potions of attraction {unknown}
 A - a potion of lignification {unknown}
 F - a potion of invisibility
 G - a potion of might
 H - a potion of magic {unknown}


   Skills:
 + Level 8.7 Fighting
 + Level 12.9 Long Blades
 + Level 10.4 Armour
 + Level 2.8 Dodging
 + Level 3.0 Stealth
 + Level 7.2 Shields
 + Level 0.2 Invocations


You had 9 spell levels left.
You didn't know any spells.
Your spell library contained the following spells:

 Spells                   Type           Power      Damage    Failure   Level
 Beastly Appendage        Tmut           0%         N/A       98%         1
 Foxfire                  Conj/Fire      0%         2x1d4     98%         1
 Magic Dart               Conj           0%         1d3       98%         1
 Sting                    Tmut/Pois      0%         1d3       98%         1
 Corpse Rot               Necr/Air       0%         N/A       99%         2
 Passwall                 Tmut/Erth      0%         N/A       99%         2
 Poisonous Vapours        Pois/Air       0%         N/A       99%         2
 Sublimation of Blood     Necr           0%         N/A       99%         2
 Conjure Flame            Conj/Fire      0%         6-21      100%        3
 Ignite Poison            Fire/Tmut/Pois 0%         N/A       100%        3
 Inner Flame              Hex/Fire       0%         N/A       100%        3
 Mephitic Cloud           Conj/Pois/Air  0%         N/A       100%        3
 Flame Wave               Conj/Fire      0%         2d4       100%        4
 Leda's Liquefaction      Hex/Erth       0%         N/A       100%        4
 Olgreb's Toxic Radiance  Pois           0%         N/A       100%        4
 Passage of Golubria      Tloc           0%         N/A       100%        4
 Petrify                  Tmut/Erth      0%         N/A       100%        4
 Freezing Cloud           Conj/Ice/Air   0%         6-21      100%        5
 Irradiate                Conj/Tmut      0%         3d13      100%        5
 Lee's Rapid Deconstruct  Erth           0%         3d5*      100%        5
 Yara's Violent Unravell  Hex/Tmut       0%         3d3       100%        5
 Statue Form              Tmut/Erth      0%         N/A       100%        6
 Call Imp                 Summ           Unusable   N/A       N/A         2
 Tukima's Dance           Hex            Unusable   N/A       N/A         3

Dungeon Overview and Level Annotations

Branches:
Dungeon (10/15)            Temple (1/1) D:6             Orc (0/2) D:9
   Lair: D:8-11

Altars:
Ashenzari
Cheibriados
Dithmenos
Elyvilon
Fedhas
Gozag
Hepliaklqana
Kikubaaqudgha
Okawaru
Qazlal
Ru
Sif Muna
Trog
Uskayaw
Vehumet
Wu Jian
Yredelemnul
Zin
The Shining One

Shops:
D:3 [

Annotations:
D:6 2 transporters, Zeus21348's ghost, amateur HOMo


Innate Abilities, Weirdness & Mutations

You have a pair of horns on your head.
You reflexively headbutt those who attack you in melee.


Message History

The yak bellows!
You hit the death yak. Your headbutt misses the death yak.
The death yak is almost dead.
You feel like a meek peon again.
You hear a bellow!
The death yak gores you!
A death yak comes into view.
You hear a bellow!
You hit the death yak but do no damage. You headbutt the death yak.
The death yak is almost dead.
The death yak gores you but does no damage.
Unknown command.
You barely miss the death yak. You headbutt the death yak.
The death yak is almost dead.
The death yak snorts and paws the ground.
The death yak gores you!
You hit the death yak. You headbutt the death yak.
You kill the death yak!
Okawaru is honoured by your kill.
You can now speed up your combat.
A death yak comes into view.
Your Stealth skill increases to level 3!
You slash the death yak!
The death yak is moderately wounded.
The death yak snorts and paws the ground.
The death yak gores you!
You hit the death yak but do no damage.
The death yak is moderately wounded.
A death yak comes into view.
The death yak gores you!
* * * LOW HITPOINT WARNING * * *
You barely miss the death yak.
The death yak is moderately wounded.
The death yak gores you!!
* * * LOW HITPOINT WARNING * * *
You hit the death yak but do no damage. Your headbutt misses the death yak.
The death yak is moderately wounded.
You slash the death yak!
The death yak is moderately wounded.
The death yak gores you!!
You die...

###.. .....
......
###......
#YY..Y...
#Y# #Y# #Y#
#@# #.#
#########.#
#.........#
#.#########
#.# #.....#
#.# #.###.#
#.# #.#<..#
#.# #.#####


You could see 4 death yaks and a yak.

Vanquished Creatures
  A death yak (D:10)
  Pikel (D:7)
  Maurice (D:8)
  A troll (D:8)
  Sigmund (D:4)
  2 wyverns (D:8)
  4 yaks
  A basilisk (D:9)
  3 steam dragons (D:7)
  Menkaure (D:6)
  A water moccasin (D:6)
  Edmund (D:3)
  An acid dragon (D:8)
  An orc warrior (D:9)
  2 ice beasts (D:5)
  3 ogres
  2 sky beasts
  2 black bears
  A hornet zombie (D:9)
  2 centaurs
  4 bullfrogs
  Blork the orc (D:3)
  2 wyvern zombies (D:7)
  A scorpion (D:5)
  4 killer bees (D:9)
  11 wights
  A howler monkey (D:8)
  A bullfrog zombie (D:5)
  3 centaur skeletons
  A gnoll shaman (D:6)
  6 iguanas
  An orc priest (D:6)
  3 bullfrog skeletons
  5 orc wizards
  A killer bee zombie (D:7)
  A howler monkey zombie (D:6)
  4 gnolls (D:6)
  6 adders
  2 ufetubi
  3 adder skeletons
  2 worms (D:3)
  4 dart slugs
  30 orcs
  4 ball pythons
  14 bats
  9 endoplasms
  2 giant cockroaches
  9 hobgoblins
  4 jackals
  6 kobolds
  7 quokkas
  2 frilled lizards
  6 goblins
  6 rats
198 creatures vanquished.

Notes
Turn   | Place    | Note
-------+----------+-------------------------------------------
     0 | D:1      | Peloso the Minotaur Fighter began the quest for the Orb.
     0 | D:1      | Reached XP level 1. HP: 19/19 MP: 0/0
    99 | D:1      | Reached XP level 2. HP: 27/27 MP: 1/1
   504 | D:1      | Reached XP level 3. HP: 33/33 MP: 2/2
  1063 | D:2      | Found a faded altar of an unknown god.
  1066 | D:2      | Reached skill level 3 in Long Blades
  1264 | D:2      | Reached XP level 4. HP: 40/40 MP: 3/3
  1621 | D:3      | Found Sueh's Armour Boutique.
  2254 | D:4      | Noticed an ogre
  2260 | D:4      | Killed an ogre
  2261 | D:4      | Reached skill level 5 in Long Blades
  2261 | D:4      | Reached XP level 5. HP: 8/46 MP: 4/4
  2581 | D:4      | Noticed Blork the orc
  2583 | D:4      | Noticed Sigmund
  2603 | D:3      | Killed Blork the orc
  2732 | D:4      | Noticed Edmund
  2762 | D:3      | Killed Edmund
  2763 | D:3      | Reached skill level 6 in Long Blades
  2763 | D:3      | Reached skill level 5 in Armour
  2763 | D:3      | Reached skill level 1 in Dodging
  2763 | D:3      | Reached XP level 6. HP: 13/53 MP: 5/5
  3012 | D:4      | Killed Sigmund
  3013 | D:4      | Reached XP level 7. HP: 54/60 MP: 6/6
  3277 | D:4      | Reached skill level 7 in Long Blades
  3453 | D:4      | Reached skill level 1 in Stealth
  3799 | D:5      | Entered Level 5 of the Dungeon
  3837 | D:5      | Reached skill level 5 in Fighting
  3984 | D:5      | Reached skill level 5 in Shields
  4023 | D:5      | Reached XP level 8. HP: 48/68 MP: 7/7
  4255 | D:5      | Reached skill level 8 in Long Blades
  4538 | D:6      | Found a transporter.
  4539 | D:6      | Noticed Zeus21348's ghost (amateur HOMo)
  4661 | D:6      | Reached skill level 9 in Long Blades
  4846 | D:6      | Found a staircase to the Ecumenical Temple.
  4851 | D:6      | Noticed Menkaure
  4857 | D:6      | Killed Menkaure
  4862 | Temple   | Entered the Ecumenical Temple
  5003 | Temple   | Became a worshipper of Warmaster Okawaru
  5334 | D:6      | Reached skill level 10 in Long Blades
  5334 | D:6      | Reached XP level 9. HP: 58/78 MP: 8/8
  5603 | D:6      | Found a transporter.
  6286 | D:7      | Reached * piety under Okawaru
  6394 | D:7      | Noticed Pikel
  6416 | D:7      | Killed Pikel
  6417 | D:7      | Reached skill level 11 in Long Blades
  6690 | D:7      | Reached ** piety under Okawaru
  7287 | D:7      | Identified the +6 trident of Cuw Bif {speed, *Rage rF++
                  | Int+3}
  7594 | D:8      | Reached XP level 10. HP: 64/88 MP: 9/9
  7790 | D:8      | Noticed Maurice
  7797 | D:8      | Killed Maurice
  7973 | D:8      | Reached skill level 12 in Long Blades
  8289 | D:7      | Reached *** piety under Okawaru
  9020 | D:9      | Reached skill level 10 in Armour
  9292 | D:9      | Got the Incunabulum of Shape Shifting
  9538 | D:9      | Found a staircase to the Orcish Mines.
 10112 | D:10     | Entered Level 10 of the Dungeon
 10156 | D:10     | Noticed a death yak
 10172 | D:10     | Noticed a death yak
 10175 | D:10     | Noticed a death yak
 10178 | D:10     | Killed a death yak
 10178 | D:10     | Reached **** piety under Okawaru
 10178 | D:10     | Noticed a death yak
 10180 | D:10     | Noticed a death yak
 10183 | D:10     | Mangled by a death yak

Illustrated notes

Levels and vault maps discovered:
D:1:      arrival_zaba_pyramid, layout_basic
D:2:      layout_rooms, nicolae_ecumenical_oubliette
D:3:      layout_rooms, serial_shops, shop
D:4:      layout_rooms, serial_corexii_hall, corexii_hall_statues_s,
          corexii_hall_statues_i, sigmund_edmund_badplayer, uniq_blork_the_orc,
          uniq_sigmund
D:5:      layout_rooms
D:6:      minmay_evil_eye, layout_gridville, minmay_temple_entry_grid,
          gammafunk_ghost_arena, lightli_orcish_oven, uniq_menkaure
D:7:      layout_basic, serial_glass, glass_columns_b, glass_columns_c,
          glass_columns_b, glass_columns_a, glass_columns_a, glass_columns_a,
          dk_noncrumbling_3, roderic_batcave, uniq_pikel
D:8:      layout_gridville, uniq_maurice
D:9:      layout_irregular_city, david_orc_2
D:10:     layout_basic, doesnt_xom_only_xom, dpeg_lair_monsters,
          gammafunk_ghost_wrathful_warriors, chequers_serial_rivers_micro_d
Temple:   mainiacjoe_temple_archimedes_tessellation

Skill      XL: |  1  2  3  4  5  6  7  8  9 10 |
---------------+-------------------------------+-----
Armour         | 4 5 6 7 9 10 | 10.4
Shields        | 4 5 6 7 |  7.2
Long Blades    | 3 5 6 7 10 11 12 | 12.9
Fighting       | 4 5 6 7 8 |  8.7
Dodging        | 1 2 |  2.8
Stealth        | 1 3 |  3.0
Invocations    | |  0.2

Action                   |  1- 3 |  4- 6 |  7- 9 | 10-12 || total
-------------------------+-------+-------+-------+-------++-------
Melee: Long sword        |    88 |    75 |   196 |   154 ||   513
       Headbutt          |     8 |     9 |    61 |    34 ||   112
       Falchion          |       |       |   145 |       ||   145
Invok: Heroism           |       |       |       |     2 ||     2
Evoke: Wand              |       |       |       |     1 ||     1
  Use: Scroll            |     1 |     3 |       |       ||     4
       Potion            |       |     2 |       |       ||     2
 Stab: Invisible         |       |     2 |       |       ||     2
       Paralysed         |       |       |       |     4 ||     4
Armor: Scale mail        |    50 |    19 |     6 |       ||    75
       Chain mail        |       |       |   209 |    75 ||   284
Dodge: Dodged            |    45 |    30 |   125 |    56 ||   256
Block: Buckler           |    30 |    11 |   100 |    37 ||   178
